 Dungeon Crawl Stone Soup version 0.29-a0-243-g602b31c20e (webtiles) character file.

Game seed: 10536424945753807589

45 enile the Skirmisher (level 3, -4/30 HPs)
             Began as a Djinni Fire Elementalist on Mar 5, 2022.
             Was a Follower of Qazlal.
             Slain by a gnoll
             ... wielding a +0 halberd
              (10 damage)
             ... on level 2 of the Dungeon.
             The game lasted 00:01:16 (1870 turns).

enile the Skirmisher (Djinni Fire Elementalist)     Turns: 1870, Time: 00:01:16

Health: -4/30      AC:  2    Str:  7    XL:     3   Next: 90%
Gold:   40         EV: 11    Int: 18    God:    Qazlal [*.....] SH:  7 Dex: 13

rFire   + + +      SeeInvis .   (no weapon)
rCold   . . .      Faith    .   e - +2 buckler {rC+ rF+}
rNeg    . . .      Spirit   .   a - +0 robe
rPois   ∞          Reflect  .   (no helmet)
rElec   .          Harm     .   (no cloak)
rCorr   .          Rampage  .   (no gloves)
Will    .....                   (boots unavailable)
Stlth   ++........              (no amulet)
HPRegen 0.10/turn               (no ring)
MPRegen 0.00/turn               (no ring)

@: flying
A: sickness immunity, fire resistance 2, cold vulnerability 1, float, innate
caster, HP casting, extra vitality 1
a: Renounce Religion


You were on level 2 of the Dungeon.
You worshipped Qazlal.
Qazlal was aware of your devotion.
You visited 1 branch of the dungeon, and saw 2 of its levels.

You collected 40 gold pieces.

Inventory:

Hand Weapons
 i - a +0 hunting sling
Missiles
 f - a throwing net
 h - 5 poisoned darts
Armour
 a - a +0 robe (worn)
 e - a +2 buckler of resistance (worn)
Scrolls
 b - a scroll of enchant armour {unknown}
 d - a scroll of enchant weapon {unknown}
 g - a scroll of identify {unknown}
Potions
 c - 4 potions of curing {unknown}


   Skills:
 - Level 3.0 Fighting
 - Level 2.1 Dodging
 - Level 1.5 Stealth
 + Level 2.5 Spellcasting


You couldn't memorise any spells.
You knew the following spells:

 Your Spells              Type           Power      Damage    Failure   Level
a - Foxfire               Conj/Fire      44%        2x1d6     9%          1
b - Scorch                Fire           22%        2d6       12%         2
c - Conjure Flame         Conj/Fire      11%        6-21      24%         3
d - Inner Flame           Hex/Fire       11%        N/A       24%         3
e - Flame Wave            Conj/Fire      11%        2d5       63%         4
f - Beastly Appendage     Tmut           22%        N/A       9%          1
Your spell library was empty.

Dungeon Overview and Level Annotations

Branches:
Dungeon (2/15)

Altars:
Qazlal

Shops:
D:1 =


Innate Abilities, Weirdness & Mutations

You are immune to sickness and miasma.
You are immune to poison.
Your flesh is very heat resistant. (rF++)
You are vulnerable to cold. (rC-)
You float through the air rather than walking.
You learn spells naturally, not from books.
Your magical power is your life essence.
You have superior vitality. (+4 MHP)


Message History

Casting: Foxfire (safe; 9% risk of failure)
Confirm with . or Enter, or press ? or * to list all spells.
You conjure some foxfire!
The foxfire hits the gnoll.
The gnoll is moderately wounded.
The foxfire hits the gnoll.
The gnoll is moderately wounded.
The foxfire hits the gnoll.
The gnoll is heavily wounded.
A gnoll comes into view. It is wielding a +0 halberd.
A gnoll comes into view. It is wielding a +0 spear.
There are monsters nearby!
Casting: Foxfire (safe; 9% risk of failure)
Confirm with . or Enter, or press ? or * to list all spells.
You conjure some foxfire!
The gnoll shouts! x2
The foxfire hits the gnoll.
The gnoll is severely wounded.
The foxfire hits the gnoll.
You kill the gnoll!
Qazlal accepts your kill.
Training target 3.0 for Fighting reached!
Your Fighting skill increases to level 3!
You need to enable at least one skill for training.
Casting: Foxfire (safe; 9% risk of failure)
Confirm with . or Enter, or press ? or * to list all spells.
You conjure some foxfire!
The foxfire hits the gnoll.
The gnoll is moderately wounded.
Casting: Foxfire (safe; 9% risk of failure)
Confirm with . or Enter, or press ? or * to list all spells.
Flames lash the gnoll.
The gnoll is heavily wounded.
The gnoll's fire resistance burns away.
The foxfire hits the gnoll but does no damage.
The gnoll is moderately wounded.
A quokka comes into view.
The gnoll hits you from afar with a +0 halberd!
* * * LOW HITPOINT WARNING * * *
The gnoll hits you from afar with a +0 halberd!
You die...

...$... ......
..... .... #..#
## # #..##..##
.##.####........
......)†.†......
##.#g)@..####..
#..g....#
............#
............#
..).........#
.r............
......########.
##..##


You could see 2 gnolls and a quokka (wandering).

Vanquished Creatures
  A gnoll (D:2)
  An adder (D:2)
  3 endoplasms (D:1)
  3 giant cockroaches
  6 goblins
  3 jackals (D:1)
  A kobold (D:1)
  3 ball pythons
  2 frilled lizards (D:1)
  2 rats (D:1)
25 creatures vanquished.

Vanquished Creatures (collateral kills)
  5 foxfires (D:1)
5 creatures vanquished.

Vanquished Creatures (others)
  111 foxfires
  A plant (D:1)
  5 toadstools (D:1)
117 creatures vanquished.

Grand Total: 147 creatures vanquished

Notes
Turn   | Place    | Note
-------+----------+-------------------------------------------
     0 | D:1      | enile the Djinni Fire Elementalist began the quest for the
                  | Orb.
     0 | D:1      | Reached XP level 1. HP: 15/15 MP: 0/0
    41 | D:1      | Found Ysink's Jewellery Emporium.
   226 | D:1      | Reached skill level 1 in Fighting
   651 | D:1      | Found a faded altar of an unknown god.
   676 | D:1      | Reached XP level 2. HP: 21/22 MP: 0/0
   863 | D:1      | Reached skill level 2 in Fighting
  1008 | D:1      | Prayed at the altar of an unknown god.
  1008 | D:1      | Became a worshipper of Qazlal Stormbringer
  1008 | D:1      | Reached * piety under Qazlal
  1585 | D:1      | Reached XP level 3. HP: 25/29 MP: 0/0
  1585 | D:1      | Learned a level 1 spell: Beastly Appendage
  1866 | D:2      | Reached skill level 3 in Fighting
  1870 | D:2      | Slain by a gnoll

Illustrated notes

Levels and vault maps discovered:
D:1:      ldierk_walled_garden, layout_rooms, basic_ecumenical_altar,
          serial_shops, shop, hangedman_glass_teeth
D:2:      layout_rooms, serial_bayou_pond_d, minmay_indecisive_spiral

Skill      XL: |  1  2  3 |
---------------+----------+-----
Fighting       | 1 2 3 |  3.0
Dodging        | |  2.1
Stealth        | |  1.5
Spellcasting   | |  2.5

Action                   || total
-------------------------++-------
 Cast: Foxfire           ||    67
       Scorch            ||    12
Armor: Robe              ||     4
Dodge: Dodged            ||    10
Block: Buckler           ||     7

Table legend: (Time is in decaauts)
 A = Elapsed time spent in this place.
 B = Non-inter-level travel time spent in this place.
 C = Inter-level travel time spent in this place.
 D = Time resting spent in this place.
 E = Time spent auto-exploring this place.
 F = Levels seen in this place.
 G = Mean time per level.
                   A        B        C        D        E       F      G
               +--------+--------+--------+--------+--------+-----+--------+
         Total |   1869 |   1775 |     94 |      0 |   1538 |   2 |  934.5 |
       Dungeon |   1869 |   1775 |     94 |      0 |   1538 |   2 |  934.5 |
               +--------+--------+--------+--------+--------+-----+--------+

Top non-repeatable levels by time:
     D:1: 1828 daAuts
     D:2: 41 daAuts
